Map: Traumfänger LE

Players

Madonna - Winner!

  • Race: Terran Terran
  • League: Diamond
  • Spawn Location: 11:00

mcfly

  • Race: Zerg Zerg
  • League: Diamond
  • Spawn Location: 5:00

VOD

Have the link to the VOD?

Description

Time

  • Played on: May 25, 2018, 5:59 a.m.
  • Length: 15:02
Show
View Real Time Build Order
Export as new Build Order

Madonna Terran - Winner!

Build Orders:  

Get SALT Encoding   

  12  0:01  SCV  
  13  0:13  SCV  
  14  0:18  Supply Depot  
  14  0:25  Refinery  
  15  0:28  SCV  
  15  0:44  Barracks  
  15  0:47  SCV  
  16  0:59  SCV  
  17  1:11  SCV  
  18  1:26  SCV  
  19  1:37  Command Center  
  19  1:48  Factory  
  19  1:51  Barracks Reactor  
  19  2:03  Orbital Command  
  19  2:13  Supply Depot  
  19  2:20  Refinery  
  19  2:30  SCV  
  19  2:31  Marine  
  19  2:33  Factory Tech Lab  
  21  2:39  Marine  
  21  2:42  SCV  
  23  2:50  Marine  
  24  2:54  SCV  
  24  2:56  Siege Tank  
  27  3:10  Marine x2  
  27  3:11  SCV  
  25  3:28  Siege Tank  
  25  3:32  Marine  
  15  4:05  Marine  
  16  4:14  Marine  
  17  4:19  SCV  
  17  4:21  SCV  
  19  4:27  Marine  
  20  4:32  Marine  
  20  4:37  SCV  
  22  4:39  SCV  
  22  4:44  Marine  
  24  4:49  SCV  
  25  4:55  Marine  
  26  5:00  Orbital Command  
  26  5:02  SCV  
  26  5:04  Marine  
  28  5:14  SCV  
  29  5:15  Marine  
  30  5:25  Bunker  
  30  5:26  SCV  
  31  5:32  SCV  
  32  5:38  SCV  
  32  5:41  Marine  
  32  5:42  Marine  
  35  5:44  SCV  
  36  5:51  Siege Tank  
  36  5:52  SCV  
  36  5:55  Supply Depot  
  36  5:57  SCV  
  41  6:01  Marine  
  41  6:02  Starport  
  42  6:04  SCV  
  42  6:09  SCV  
  44  6:15  Engineering Bay  
  44  6:16  Marine  
  44  6:17  SCV  
  46  6:21  SCV  
  46  6:23  Marine  
  48  6:29  SCV  
  49  6:33  SCV  
  49  6:34  Siege Tank  
  53  6:40  Starport Tech Lab  
  53  6:42  SCV  
  53  6:46  Supply Depot  
  54  7:03  Supply Depot  
  54  7:07  Marine x2, SCV x2  
  58  7:08  Cloaking Field  
  58  7:19  Refinery, SCV x2  
  58  7:22  Command Center  
  60  7:29  Marine  
  62  7:31  Banshee, SCV  
  62  7:33  SCV  
  67  7:42  Barracks  
  67  7:44  SCV  
  68  7:46  Terran Infantry Weapons Level 1, SCV  
  68  7:55  Refinery  
  68  7:56  Marine, SCV  
  70  7:59  SCV  
  70  8:07  Supply Depot  
  70  8:13  Engineering Bay  
  70  8:28  Banshee, Marine x2, SCV x2  
  70  8:31  Supply Depot  
  70  8:34  Siege Tank, Missile Turret  
  80  8:37  Missile Turret  
  80  8:40  Barracks Tech Lab  
  80  8:41  SCV x2  
  83  8:44  Barracks  
  83  8:46  Marine  
  83  8:47  Barracks  
  84  8:51  Marine  
  84  8:56  SCV  
  85  9:08  SCV x2  
  87  9:11  Banshee  
  87  9:12  Siege Tank  
  87  9:14  Missile Turret  
  93  9:20  Barracks  
  93  9:21  SCV  
  94  9:27  SCV  
  94  9:29  Marine x3  
  96  9:34  Supply Depot  
  96  9:36  Planetary Fortress  
  95  9:43  SCV x2  
  97  9:47  Marine  
  97  9:52  Marine x2  
  100  9:57  SCV x2  
  99  10:05  Marine  
  99  10:06  Barracks Reactor  
  100  10:09  Stimpack  
  100  10:13  Barracks Reactor, Marine x2  
  102  10:16  Barracks Reactor  
  102  10:19  Terran Infantry Armor Level 1  
  102  10:23  Marine  
  102  10:26  Banshee  
  106  10:31  Marine x2  
  106  10:33  SCV  
  109  10:42  Marine, SCV x2  
  109  10:47  Marine x2  
  109  10:48  Siege Tank  
  109  10:49  Marine x2  
  91  10:51  SCV  
  91  10:54  Marine  
  91  10:55  SCV  
  88  11:00  Marine  
  88  11:01  Marine x3  
  92  11:04  Marine  
  92  11:05  Barracks x2, Marine  
  92  11:10  Barracks  
  94  11:19  Marine  
  94  11:20  Marine x2  
  94  11:24  Command Center  
  97  11:26  Barracks  
  97  11:27  Marine x2, Siege Tank  
  97  11:28  Marine x4  
  97  11:30  Banshee  
  97  11:31  Barracks, Command Center  
  109  11:34  Starport  
  109  11:36  Barracks  
  109  11:38  Supply Depot  
  109  11:40  Supply Depot  
  109  11:54  Marine x2, SCV  
  109  12:00  Marine x7  
  116  12:01  Siege Tank  
  116  12:03  Armory  
  119  12:09  Missile Turret  
  119  12:10  Refinery  
  119  12:12  Marine x2  
  119  12:15  Missile Turret  
  121  12:17  Marine  
  121  12:18  Marine x3  
  125  12:24  Starport Reactor  
  125  12:26  Combat Shields  
  125  12:29  Barracks Tech Lab  
  125  12:30  Barracks Reactor  
  125  12:35  Banshee, Marine x7  
  125  12:36  Marine x3  
  138  12:38  SCV  
  138  12:39  SCV  
  138  12:42  SCV  
  141  12:46  Planetary Fortress  
  141  12:49  Missile Turret  
  141  12:53  Marine x7  
  148  12:59  SCV x2  
  148  13:03  SCV  
  151  13:07  Marine x3  
  151  13:08  Marine  
  155  13:18  Marine x3  
  155  13:25  Marine x3  
  155  13:34  Barracks  
  155  13:36  Barracks  
  155  13:37  Barracks  
  155  13:54  Supply Depot  
  155  13:55  Supply Depot  
  155  13:56  Supply Depot x2  
  155  14:01  Marine x3, SCV  
  155  14:02  Marine x4, SCV  
  155  14:03  Marine x3, SCV x2  
  155  14:04  Medivac x2  
  145  14:13  SCV  
  145  14:14  SCV  
  145  14:15  SCV x2  
  149  14:26  SCV  
  149  14:27  SCV  
  127  14:43  Marine x4  
  127  14:44  Marine x6  
Show
View Real Time Build Order
Export as new Build Order

mcfly Zerg 

Build Orders: Pool First 

Get SALT Encoding   

  12  0:18  Spawning Pool  
  11  0:26  Drone  
  11  0:27  Drone  
  13  0:31  Drone  
  14  0:42  Extractor  
  13  0:45  Drone  
  13  0:46  Extractor  
  13  0:47  Drone  
  14  1:06  Roach Warren  
  13  1:18  Overlord  
  13  1:19  Overlord  
  13  1:46  Roach x3  
  21  2:01  Roach  
  21  2:08  Ravager x2  
  23  2:21  Ravager  
  24  2:35  Roach  
  24  2:36  Roach  
  29  2:51  Ravager  
  15  4:00  Drone  
  15  4:01  Drone x2  
  15  4:02  Queen  
  18  4:16  Metabolic Boost  
  18  4:18  Hatchery  
  18  4:38  Drone x2  
  18  4:39  Drone  
  20  4:49  Overlord  
  20  5:12  Hatchery, Lair  
  19  5:15  Drone x4  
  23  5:30  Zergling x4  
  25  5:37  Drone  
  26  5:49  Drone x2  
  28  5:50  Queen  
  28  5:55  Overlord  
  30  6:03  Drone  
  30  6:04  Baneling Nest, Drone x2  
  33  6:09  Queen  
  34  6:15  Hydralisk Den  
  34  6:17  Drone x2  
  35  6:26  Drone  
  35  6:27  Drone x5  
  41  6:38  Queen  
  43  6:47  Extractor  
  42  6:48  Extractor  
  42  6:53  Evolution Chamber, Zergling x10  
  42  6:54  Zergling x8  
  49  6:56  Evolution Chamber  
  48  7:02  Queen  
  48  7:08  Overlord  
  50  7:25  Overlord x2, Queen  
  52  7:30  Drone x4  
  52  7:31  Drone x2  
  52  7:36  Zerg Missile Weapons Level 1  
  58  8:04  Drone x6  
  58  8:05  Drone x9  
  73  8:06  Overlord  
  73  8:08  Overlord  
  73  8:14  Centrifical Hooks  
  73  8:22  Muscular Augments  
  73  8:32  Hydralisk  
  75  8:35  Zergling x6  
  75  8:36  Zergling x4  
  80  8:42  Drone x3  
  83  8:49  Zerg Melee Weapons Level 1  
  81  9:05  Spore Crawler  
  81  9:07  Overseer  
  74  9:29  Hydralisk x6  
  86  9:37  Spore Crawler  
  85  9:39  Spore Crawler  
  85  9:42  Zergling x2  
  85  9:43  Overlord x2, Zergling x10  
  85  9:44  Overlord x3  
  89  10:00  Zergling x2  
  89  10:03  Hydralisk  
  89  10:04  Hydralisk x4  
  100  10:19  Drone x6  
  100  10:21  Zergling x8  
  110  10:34  Infestation Pit, Grooved Spines  
  81  11:03  Overseer  
  76  11:19  Hydralisk, Zergling x2  
  76  11:20  Hydralisk x7  
  76  11:21  Zergling x4  
  95  11:26  Hatchery  
  95  11:27  Extractor x2  
  92  11:33  Zerg Melee Weapons Level 2  
  92  11:37  Drone x2  
  92  11:38  Drone x2  
  96  11:50  Hive  
  94  12:09  Hydralisk x3  
  94  12:10  Zergling x6  
  94  12:11  Zergling x12  
  109  12:21  Baneling x4  
  109  12:22  Baneling  
  109  12:24  Queen  
  111  12:33  Drone x8  
  119  12:55  Zergling x2  
  119  12:56  Zergling x14  
  127  12:59  Overlord x2  
  127  13:01  Baneling x2  
  127  13:02  Baneling x16  
  127  13:26  Hydralisk x3, Zergling x2  
  127  13:27  Hydralisk  
  130  13:29  Viper  
  139  13:45  Viper  
  93  14:10  Zergling x2  
  93  14:11  Zergling x22  
  71  14:39  Zergling x8  
  71  14:40  Zergling x8  
Tags
 
Add a new tag
Caveats
  • Supply blocks, unpowered buildings, or Contaminate may cause inaccurate times.
  • Supply counts are checked every 10 seconds.